[Event "Titled Tuesday Blitz December 13 Late 2022"]
[White "Musovic, Armin"]
[Black "Itkis, Boris"]
[WhiteFideId "939935"]
[BlackFideId "1209167"]
[WhiteElo "2288"]
[BlackElo "2216"]
[Result "1-0"]
[Round "07"]
[TimeControl "180+1"]
[Date "2022.12.14"]
[WhiteClock "0:02:33"]
[BlackClock "0:01:21"]

1. a3 d5 2. Nc3 d4 3. Ne4 e5 4. Ng3 h5 5. e4 h4 6. N3e2 Nf6 7. d3 c5 8. h3 Nc6 9. Nf3 Be7 10. Nh2 Nh5 11. Ng1 g5 12. Be2 Nf4 13. Bxf4 exf4 14. Bg4 Ne5 15. Bxc8 Rxc8 16. Ng4 Nxg4 17. Qxg4 Qa5+ 18. Kf1 Rc6 19. Nf3 f6 20. Kg1 Qb5 21. b3 a5 22. Kh2 Kf7 23. Qf5 Kg7 24. Rhb1 Rc7 25. Nxd4 1-0


[Site "https://www.chess.com"]

[Event "Titled Tuesday Blitz December 13 Late 2022"]
[White "Nakamura, Hikaru"]
[Black "Grigoriants, Sergey"]
[WhiteFideId "2016192"]
[BlackFideId "4130804"]
[WhiteElo "2909"]
[BlackElo "2502"]
[Result "1-0"]
[Round "07"]
[TimeControl "180+1"]
[Date "2022.12.13"]
[WhiteClock "0:00:27"]
[BlackClock "0:00:04"]

1. Nf3 d5 2. d4 Nf6 3. Bf4 c5 4. e3 Nc6 5. Nbd2 cxd4 6. exd4 Bf5 7. c3 e6 8. Qb3 Bd6 9. Bxd6 Qxd6 10. Bb5 O-O 11. O-O a6 12. Bxc6 Qxc6 13. Ne5 Qc7 14. a4 b6 15. Qa3 Rab8 16. Rac1 Nd7 17. Nef3 b5 18. axb5 axb5 19. Qb4 Qc6 20. Ra1 Ra8 21. Nb3 Qc4 22. Nc5 Nxc5 23. Qxc5 Rac8 24. Qe7 Qc7 25. Qa3 Rb8 26. Qb4 Qc4 27. Ne5 Qxb4 28. cxb4 Rfc8 29. Nd7 Ra8 30. Ra5 Rd8 31. Nc5 Rab8 32. f3 f6 33. g4 Bg6 34. Nxe6 Re8 35. Nf4 Re3 36. Ra3 Rxa3 37. bxa3 Rc8 38. Nxd5 Rd8 39. Nc3 Rxd4 40. Nxb5 Rd2 41. Rf2 Rd1+ 42. Kg2 Ra1 43. Rd2 h5 44. h3 hxg4 45. hxg4 Kh7 46. Kg3 1-0


[Site "https://www.chess.com"]

[Event "Titled Tuesday Blitz December 13 Late 2022"]
[White "Novikova, Galina"]
[Black "Torres Dominguez, David"]
[WhiteFideId "4157095"]
[BlackFideId "2220857"]
[WhiteElo "1953"]
[BlackElo "2037"]
[Result "1-0"]
[Round "07"]
[TimeControl "180+1"]
[Date "2022.12.14"]
[WhiteClock "0:02:06"]
[BlackClock "0:01:04"]

1. e4 Nc6 2. Nf3 e5 3. d4 exd4 4. Nxd4 Nf6 5. Nxc6 bxc6 6. Qe2 d6 7. Nc3 Be7 8. Bf4 O-O 9. O-O-O Rb8 10. f3 Qe8 11. g4 Nd7 12. h4 Bf6 13. Qd2 Ne5 14. Be2 Be6 15. g5 Be7 16. h5 Nc4 17. Bxc4 Bxc4 18. h6 g6 19. Qd4 f6 20. Qxc4+ Kh8 21. gxf6 Rxf6 22. Be3 Rxf3 23. Bd4+ Bf6 24. Bxf6+ Rxf6 25. Qd4 Qe5 26. Qxe5 dxe5 27. Rhf1 Rxf1 28. Rxf1 Kg8 29. a3 Rf8 30. Rd1 g5 31. Rg1 Kf7 32. Rxg5 Ke6 33. Kb1 Rf6 34. Rh5 Rf2 35. b4 Kf6 36. Kb2 Kg6 37. Rxe5 Kxh6 38. Re6+ Kg5 39. Rxc6 h5 40. e5 h4 41. Ne4+ Kg4 42. Nxf2+ Kg3 43. Rh6 1-0


[Site "https://www.chess.com"]

[Event "Titled Tuesday Blitz December 13 Late 2022"]
[White "Omelja, Artem"]
[Black "Forgacs, Attila Jr."]
[WhiteFideId "14119846"]
[BlackFideId "773654"]
[WhiteElo "2404"]
[BlackElo "2168"]
[Result "0-1"]
[Round "07"]
[TimeControl "180+1"]
[Date "2022.12.14"]
[WhiteClock "0:00:04"]
[BlackClock "0:00:20"]

1. e4 e5 2. Nf3 Nc6 3. Nc3 Nf6 4. a3 d5 5. exd5 Nxd5 6. Bc4 Nxc3 7. bxc3 Bd6 8. O-O O-O 9. d3 Kh8 10. Re1 Bg4 11. h3 Bh5 12. d4 exd4 13. g4 Bg6 14. cxd4 f5 15. Bg5 Be7 16. Bxe7 Nxe7 17. Ng5 Qd6 18. c3 fxg4 19. Qxg4 Rf5 20. Re6 Qd7 21. Rae1 Nd5 22. Qh4 Rf4 23. Qg3 Raf8 24. R1e2 R4f5 25. Rxg6 Nxc3 26. Qh4 Nxe2+ 27. Bxe2 Rxg5+ 28. Rxg5 Qe7 29. Bf1 h6 30. Rg4 Qxa3 31. Qg3 Qe7 32. Qe3 Qf6 33. Bg2 c6 34. Rf4 Qxf4 0-1


[Site "https://www.chess.com"]

[Event "Titled Tuesday Blitz December 13 Late 2022"]
[White "Oro, Faustino"]
[Black "Bernat, David"]
[WhiteFideId "20000197"]
[BlackFideId "2099225"]
[WhiteElo "1984"]
[BlackElo "2311"]
[Result "1-0"]
[Round "07"]
[TimeControl "180+1"]
[Date "2022.12.14"]
[WhiteClock "0:00:13"]
[BlackClock "0:00:13"]

1. e4 c5 2. Nf3 g6 3. c3 Bg7 4. d4 cxd4 5. cxd4 d5 6. e5 a6 7. Nc3 Bg4 8. Be2 Nc6 9. Be3 Nh6 10. h3 Bxf3 11. Bxf3 e6 12. g4 Ng8 13. Qd2 f6 14. exf6 Qxf6 15. Bg2 Nxd4 16. O-O Nf3+ 17. Bxf3 Qxf3 18. Bd4 Bxd4 19. Qxd4 Qf6 20. Qa4+ Kf7 21. Rae1 h5 22. Kg2 hxg4 23. hxg4 Ne7 24. Re3 b5 25. Qb4 Qh4 26. Rf3+ Ke8 27. Rg1 Qh2+ 28. Kf1 Rh3 29. Rgg3 Rxg3 30. Rxg3 Qh1+ 31. Ke2 Qc1 32. Qb3 Qf4 33. Nd1 Nc6 34. Qd3 Qc4 35. Ke1 Qxd3 36. Rxd3 Kd7 37. Rf3 Re8 38. Nc3 Re7 39. Ne2 e5 40. Rf6 Re6 41. Rf7+ Kd6 42. Kd2 e4 43. Ke3 d4+ 44. Nxd4 Nxd4 45. Kxd4 a5 46. Ra7 a4 47. Ra6+ Ke7 48. Rxe6+ Kxe6 49. Kxe4 b4 50. a3 bxa3 51. bxa3 Kd6 52. Kd4 Ke6 53. f4 Kd6 54. Kc4 Kc6 55. Kb4 Kd5 56. Kxa4 Ke4 57. f5 gxf5 58. gxf5 Kxf5 59. Kb5 Ke6 60. Kc6 Ke7 61. Kc7 Ke6 62. a4 Kd5 63. a5 Kc5 64. a6 Kb5 65. a7 1-0


[Site "https://www.chess.com"]

[Event "Titled Tuesday Blitz December 13 Late 2022"]
[White "Pace, Christopher"]
[Black "Reprintsev, Alexander"]
[WhiteFideId "2610167"]
[BlackFideId "14100541"]
[WhiteElo "2298"]
[BlackElo "2230"]
[Result "1/2-1/2"]
[Round "07"]
[TimeControl "180+1"]
[Date "2022.12.14"]
[WhiteClock "0:00:06"]
[BlackClock "0:00:18"]

1. e4 d5 2. exd5 Qxd5 3. Nc3 Qa5 4. d4 Nf6 5. Nf3 Nc6 6. d5 Nb4 7. Bb5+ Bd7 8. Bxd7+ Nxd7 9. O-O Nf6 10. Bf4 Nbxd5 11. Nxd5 Qxd5 12. Bxc7 Rc8 13. Be5 Qxd1 14. Rfxd1 Rxc2 15. Rac1 Rc6 16. Rxc6 bxc6 17. Nd4 Nd7 18. Nxc6 f6 19. Bd4 a6 20. Be3 e5 21. b4 f5 22. f3 f4 23. Bf2 h5 24. a4 Rh6 25. b5 axb5 26. axb5 Rd6 27. Rxd6 Bxd6 28. b6 Nb8 29. Na5 Kd7 30. Nc4 Nc6 31. Kf1 Bb8 32. Ke2 Ke6 33. Kd3 Kd5 34. Nd2 Na5 35. Kc3 Kc6 36. Nc4 Nb7 37. Kb4 g5 38. Bg1 g4 39. Bf2 Kd5 40. Kb5 e4 41. fxe4+ Kxe4 42. Kc6 Nd8+ 43. Kd7 Nf7 44. Kc8 Kd5 45. Kxb8 Kxc4 46. Kc7 Ng5 47. b7 Ne4 48. b8=Q Nxf2 49. Qe8 Kd4 50. Qxh5 Ke3 51. Qh4 f3 52. gxf3 gxf3 53. Kd6 Ne4+ 54. Ke5 Nd2 55. Qf4+ Ke2 56. Kd4 Nf1 57. Qe4+ Kf2 58. Kd3 Kg2 59. Qg4+ Kf2 60. Qe4 Nxh2 61. Qxf3+ Kxf3 1/2-1/2


[Site "https://www.chess.com"]

[Event "Titled Tuesday Blitz December 13 Late 2022"]
[White "Papp, Levente"]
[Black "Samsonkin, Artiom"]
[WhiteFideId "751243"]
[BlackFideId "13503111"]
[WhiteElo "2380"]
[BlackElo "2524"]
[Result "0-1"]
[Round "07"]
[TimeControl "180+1"]
[Date "2022.12.13"]
[WhiteClock "0:00:01"]
[BlackClock "0:00:14"]

1. c4 Nf6 2. g3 e5 3. Bg2 c6 4. d4 e4 5. Nc3 d5 6. cxd5 cxd5 7. Bg5 Bb4 8. Rc1 Nbd7 9. h4 h6 10. Bxf6 Bxc3+ 11. Rxc3 Nxf6 12. Qa4+ Bd7 13. Qb4 Bc6 14. Nh3 a5 15. Qa3 Rc8 16. Nf4 b5 17. b4 a4 18. Qc1 Qd6 19. Rc5 O-O 20. Bh3 Bd7 21. Bxd7 Qxd7 22. O-O Kh7 23. Qd2 Rg8 24. Kg2 Qf5 25. Rxb5 g5 26. hxg5 hxg5 27. Rh1+ Kg7 28. Nh5+ Nxh5 29. Rxh5 Kg6 30. Rh1 Rh8 31. Rb6+ f6 32. Qd1 Rxh1 33. Qxh1 e3 34. f3 Rc2 35. Qd1 Rd2 36. Qe1 g4 37. Kh2 gxf3 0-1


[Site "https://www.chess.com"]

[Event "Titled Tuesday Blitz December 13 Late 2022"]
[White "Paravyan, David"]
[Black "Boruchovsky, Avital"]
[WhiteFideId "4194985"]
[BlackFideId "2800055"]
[WhiteElo "2551"]
[BlackElo "2450"]
[Result "1-0"]
[Round "07"]
[TimeControl "180+1"]
[Date "2022.12.13"]
[WhiteClock "0:00:13"]
[BlackClock "0:00:02"]

1. e4 c5 2. Nf3 b6 3. d4 cxd4 4. Nxd4 Bb7 5. Nc3 g6 6. h4 Bg7 7. h5 Nc6 8. Be3 a6 9. Bc4 b5 10. Bb3 e6 11. Qd2 Nge7 12. O-O-O Ne5 13. Bh6 Bf6 14. Qf4 N7c6 15. Nxe6 fxe6 16. Bxe6 Nb4 17. hxg6 hxg6 18. Kb1 Qe7 19. Bb3 O-O-O 20. a3 g5 21. Qf5 Rh7 22. axb4 Rdh8 23. Bf8 Qxf8 24. Rxh7 Qxb4 25. Qxf6 Rxh7 26. Qxe5 Re7 27. Qxg5 Re8 28. Qg7 Bc6 29. f3 Qc5 30. Qd4 Qe7 31. Bd5 b4 32. Bxc6 dxc6 33. Na4 1-0


[Site "https://www.chess.com"]

[Event "Titled Tuesday Blitz December 13 Late 2022"]
[White "Pasti, Aron"]
[Black "Ballester Llagaria, Luis Eduardo"]
[WhiteFideId "785857"]
[BlackFideId "2297620"]
[WhiteElo "2250"]
[BlackElo "2344"]
[Result "0-1"]
[Round "07"]
[TimeControl "180+1"]
[Date "2022.12.14"]
[WhiteClock "0:00:05"]
[BlackClock "0:00:36"]

1. e4 c5 2. Nf3 e6 3. d4 cxd4 4. Nxd4 Nc6 5. Nc3 Qc7 6. Be3 a6 7. g4 b5 8. Bg2 Bb7 9. Qd2 Nge7 10. O-O-O Nxd4 11. Bxd4 Nc6 12. Bb6 Qc8 13. f4 Bb4 14. e5 Na5 15. Bf2 Bxg2 16. Rhg1 Bf3 17. Rde1 Bxc3 18. bxc3 Bd5 19. f5 Qc4 20. Qg5 Qxc3 21. Qxg7 O-O-O 22. Rg3 Qa1+ 23. Kd2 Nc4+ 24. Ke2 Qxe5+ 25. Qxe5 Nxe5 26. Bd4 f6 27. g5 exf5 28. gxf6 Rhe8 29. Kf1 Ng6 30. Rd1 Bc4+ 31. Kg1 Re4 32. Bb2 Rf8 33. Rd6 Re1+ 34. Kf2 Re2+ 35. Kf3 Rxc2 36. Bd4 f4 37. Rg5 Be2+ 38. Ke4 Re8+ 39. Kd5 Bf3# 0-1


[Site "https://www.chess.com"]

[Event "Titled Tuesday Blitz December 13 Late 2022"]
[White "Pein, Jonathan"]
[Black "Barria Zuniga, Daniel"]
[WhiteFideId "417092"]
[BlackFideId "3400816"]
[WhiteElo "2225"]
[BlackElo "2414"]
[Result "0-1"]
[Round "07"]
[TimeControl "180+1"]
[Date "2022.12.14"]
[WhiteClock "0:00:23"]
[BlackClock "0:00:14"]

1. b3 d5 2. Bb2 c5 3. Nf3 Nf6 4. g3 g6 5. Bg2 Bg7 6. O-O O-O 7. e3 Nc6 8. Ne5 Qc7 9. Nxc6 Qxc6 10. c4 e6 11. Be5 b6 12. d4 Bb7 13. Nc3 Rfd8 14. Rc1 Qe8 15. Nb5 Qe7 16. cxd5 Bxd5 17. Bxd5 Nxd5 18. Bxg7 Kxg7 19. Qg4 a6 20. Na3 Nf6 21. Qf4 cxd4 22. Nc4 dxe3 23. Nxe3 Rac8 24. Qe5 Rc5 25. Rxc5 Qxc5 26. Qxc5 bxc5 27. Rc1 Rd2 28. a4 Ne4 29. Rc2 Rxc2 30. Nxc2 Kf6 31. b4 cxb4 32. Nxb4 Nc5 33. f4 Kf5 34. Kf2 Ke4 35. Ke2 Kd4 36. Nc6+ Kc3 37. Nd8 Nxa4 38. Nxf7 Nc5 39. Kd1 a5 40. Kc1 a4 41. Ng5 a3 42. Kb1 Kb3 43. Nf3 a2+ 44. Ka1 Ka3 45. Nd4 Nb3+ 46. Nxb3 Kxb3 47. g4 h5 48. gxh5 gxh5 49. h4 Kc4 50. Kxa2 Kd4 51. Kb3 Ke4 52. Kc4 Kxf4 53. Kd4 e5+ 54. Kd3 Kf3 55. Kd2 e4 56. Ke1 Ke3 57. Kf1 Kd2 58. Kf2 e3+ 59. Kf3 e2 60. Kf4 e1=Q 61. Kg5 Qe2 0-1


[Site "https://www.chess.com"]

[Event "Titled Tuesday Blitz December 13 Late 2022"]
[White "Petrovic, Aleksa"]
[Black "Young, Ryan"]
[WhiteFideId "967629"]
[BlackFideId "2049945"]
[WhiteElo "2230"]
[BlackElo "2307"]
[Result "0-1"]
[Round "07"]
[TimeControl "180+1"]
[Date "2022.12.14"]
[WhiteClock "0:00:01"]
[BlackClock "0:00:26"]

1. d4 Nf6 2. c4 e6 3. Nf3 d5 4. Nc3 Bb4 5. e3 O-O 6. Bd3 dxc4 7. Bxc4 c5 8. a3 Bxc3+ 9. bxc3 cxd4 10. cxd4 b6 11. O-O Bb7 12. Ra2 Nc6 13. Re1 Rc8 14. Bd3 Na5 15. e4 h6 16. Bb2 Nc4 17. Ba1 b5 18. h3 a6 19. Bb1 Qe7 20. Qd3 Nd7 21. e5 g6 22. a4 Ndb6 23. axb5 axb5 24. Ra7 Ra8 25. Rxa8 Rxa8 26. Bc2 Bd5 27. Bc3 Qb7 28. Ra1 Rxa1+ 29. Bxa1 Bxf3 30. gxf3 Qd5 31. Qe4 Kf8 32. h4 h5 33. Bc3 Kg7 34. Kf1 Na4 35. Bb4 Nab6 36. Qf4 Qd8 37. Ke2 Nd5 38. Qg3 Nxb4 39. Be4 Qxd4 40. Bxg6 Qxe5+ 0-1


[Site "https://www.chess.com"]

[Event "Titled Tuesday Blitz December 13 Late 2022"]
[White "Prieto Aranguren, Alain"]
[Black "Mazurkiewicz, Michal"]
[WhiteFideId "2268906"]
[BlackFideId "1124943"]
[WhiteElo "2209"]
[BlackElo "2081"]
[Result "0-1"]
[Round "07"]
[TimeControl "180+1"]
[Date "2022.12.14"]
[WhiteClock "0:01:36"]
[BlackClock "0:01:13"]

1. e4 d6 2. f4 g6 3. Nf3 Bg7 4. Bc4 e6 5. O-O Ne7 6. Bb3 c5 7. d3 O-O 8. Qe1 Nbc6 9. Nc3 Nd4 10. Nxd4 cxd4 11. Ne2 d5 12. e5 Bd7 13. Nxd4 b5 14. Be3 a5 15. a4 b4 16. Nb5 Bxb5 17. axb5 d4 18. Bd2 Qb6 19. Bc4 Rfd8 20. Ra4 Nd5 21. Qe4 Bf8 22. Rfa1 Bc5 23. h4 Nc3 24. h5 Nxe4 0-1


[Site "https://www.chess.com"]

[Event "Titled Tuesday Blitz December 13 Late 2022"]
[White "Przybylski, Wojciech"]
[Black "Polster, Christian"]
[WhiteFideId "1117599"]
[BlackFideId "12965081"]
[WhiteElo "2217"]
[BlackElo "2195"]
[Result "1-0"]
[Round "07"]
[TimeControl "180+1"]
[Date "2022.12.14"]
[WhiteClock "0:01:38"]
[BlackClock "0:00:07"]

1. e4 c5 2. Nf3 d6 3. Bb5+ Bd7 4. Bxd7+ Qxd7 5. c4 Nc6 6. Nc3 Nf6 7. O-O g6 8. d3 Bg7 9. h3 O-O 10. Be3 Rfc8 11. Qd2 Ne8 12. Bh6 Bh8 13. Rae1 Nc7 14. Ng5 Nd4 15. f4 Nce6 16. Nf3 Nxf3+ 17. Rxf3 Nd4 18. Rg3 b5 19. f5 Rab8 20. Nd5 bxc4 21. dxc4 Rxb2 22. Qd3 Rcb8 23. Bg5 Re8 24. f6 e6 25. Ne7+ Rxe7 26. fxe7 Be5 27. Rg4 f6 28. Bc1 Rxa2 29. Qb1 Ne2+ 30. Rxe2 Rxe2 31. Qb8+ Kg7 32. Qf8# 1-0


[Site "https://www.chess.com"]

[Event "Titled Tuesday Blitz December 13 Late 2022"]
[White "Radovanovic, Dusan"]
[Black "Rodriguez Santiago, Jaime"]
[WhiteFideId "926868"]
[BlackFideId "3100898"]
[WhiteElo "2337"]
[BlackElo "2025"]
[Result "1-0"]
[Round "07"]
[TimeControl "180+1"]
[Date "2022.12.14"]
[WhiteClock "0:00:25"]
[BlackClock "0:00:16"]

1. e4 c6 2. d4 d5 3. e5 Bf5 4. h4 h5 5. Bd3 Bxd3 6. Qxd3 Qa5+ 7. Nd2 e6 8. Ne2 Qa6 9. c4 c5 10. b3 Nc6 11. O-O Nh6 12. Nf3 Nf5 13. Qc2 dxc4 14. d5 Nb4 15. Qe4 Nxd5 16. bxc4 Nb6 17. Ng3 g6 18. Bg5 Rb8 19. Rad1 Be7 20. Bxe7 Nxe7 21. Qf4 Qxc4 22. Ne4 Nf5 23. Nf6+ Ke7 24. Rd7+ Kf8 25. Ng5 Nxd7 26. Nxd7+ Kg7 27. Qxc4 1-0


[Site "https://www.chess.com"]

[Event "Titled Tuesday Blitz December 13 Late 2022"]
[White "Rodriguez Fontecha, Marcos"]
[Black "Urazayev, Arystanbek"]
[WhiteFideId "2256576"]
[BlackFideId "13709810"]
[WhiteElo "2263"]
[BlackElo "2463"]
[Result "1-0"]
[Round "07"]
[TimeControl "180+1"]
[Date "2022.12.14"]
[WhiteClock "0:00:57"]
[BlackClock "0:02:37"]

1. Nf3 d5 2. g3 b6 3. Bg2 Bb7 4. O-O Nd7 5. a4 Ngf6 6. a5 bxa5 7. Rxa5 e5 8. d4 c5 9. Ra1 cxd4 10. e3 dxe3 11. Bxe3 d4 12. Bg5 Be7 13. Re1 Qc7 14. Nxe5 Bxg2 15. Nxd7 Qxd7 16. Bxf6 gxf6 17. Kxg2 O-O 18. Re4 Qb7 19. Qf3 Kh8 20. Ra5 Rg8 21. Rh5 Rg7 22. Rxe7 1-0


[Site "https://www.chess.com"]

[Event "Titled Tuesday Blitz December 13 Late 2022"]
[White "Romero Ruscalleda, Josep"]
[Black "Winkels, Marcel"]
[WhiteFideId "2231859"]
[BlackFideId "1003887"]
[WhiteElo "2183"]
[BlackElo "1900"]
[Result "0-1"]
[Round "07"]
[TimeControl "180+1"]
[Date "2022.12.14"]
[WhiteClock "0:00:34"]
[BlackClock "0:00:14"]

1. e4 c5 2. c3 d5 3. exd5 Qxd5 4. d4 g6 5. Nf3 Bg7 6. Be3 cxd4 7. cxd4 Nf6 8. Nc3 Qd8 9. Rc1 a6 10. h3 O-O 11. Bd3 Nc6 12. O-O Bf5 13. Bxf5 gxf5 14. a3 Qd7 15. d5 Na5 16. Qd3 Rac8 17. Ne5 Qd6 18. Qxf5 Nxd5 19. Bd4 Nb3 20. Rcd1 Nxd4 21. Rxd4 Qxe5 22. Qxe5 Bxe5 23. Rxd5 Bxc3 24. bxc3 Rxc3 25. Rd7 b5 26. Rxe7 Rxa3 27. Rd1 b4 28. Rb7 a5 29. Rd5 b3 30. Rg5+ Kh8 31. h4 a4 32. h5 h6 33. Ra5 Ra2 34. Rb6 Kg7 35. Rb4 b2 36. Kh2 a3 37. Rg4+ Kh7 38. Rb5 Ra1 39. Rgb4 Rf1 40. Ra5 Ra1 41. Rb3 b1=Q 42. Rxb1 Rxb1 43. Rxa3 Rb2 44. f3 Rg8 45. Ra7 Rgxg2+ 46. Kh3 Kg7 47. Ra6 Rh2+ 48. Kg3 Rbg2+ 49. Kf4 Rxh5 50. Ke4 Rhg5 51. f4 Rg6 52. Ra5 Re2+ 53. Kf3 Rb2 54. f5 Rg5 55. Kf4 Rb4+ 56. Kf3 Kf6 57. Ra6+ Kxf5 58. Rxh6 f6 59. Rh8 Rg1 60. Kf2 Ra1 61. Rh5+ Ke6 62. Rc5 Ra3 63. Rc2 Rba4 64. Re2+ Kf5 65. Kg2 Ra2 66. Kf2 Rxe2+ 67. Kxe2 Ra3 68. Kd2 Ke4 69. Kc2 f5 70. Kb2 Rd3 71. Kc2 f4 0-1


[Site "https://www.chess.com"]

[Event "Titled Tuesday Blitz December 13 Late 2022"]
[White "Rorrer, Grayson"]
[Black "Sadhwani, Raunak"]
[WhiteFideId "30944996"]
[BlackFideId "35093487"]
[WhiteElo "2200"]
[BlackElo "2657"]
[Result "1-0"]
[Round "07"]
[TimeControl "180+1"]
[Date "2022.12.13"]
[WhiteClock "0:00:05"]
[BlackClock "0:00:02"]

1. e4 d6 2. d4 g6 3. c3 Bg7 4. Nf3 Nf6 5. Bd3 O-O 6. O-O Nc6 7. Re1 e5 8. h3 h6 9. Be3 Nh5 10. Nbd2 Qe7 11. Nf1 a5 12. a4 Bd7 13. Rc1 Kh7 14. Ng3 Nxg3 15. fxg3 Rae8 16. Qd2 Qd8 17. g4 exd4 18. cxd4 Nb4 19. b3 Nxd3 20. Qxd3 c6 21. Bf4 Qe7 22. d5 cxd5 23. Qxd5 Bc6 24. Qxd6 Rg8 25. e5 Rgf8 26. Kh2 Kg8 27. Qd2 Rd8 28. Qxa5 Bxf3 29. gxf3 Qa3 30. Qc3 Rc8 31. Qe3 g5 32. Bg3 Qb2+ 33. Kh1 Rfe8 34. Rxc8 Rxc8 35. e6 Qf6 36. exf7+ Kxf7 37. Qe4 Rc6 38. Qd5+ Kg6 39. Be5 Qe6 40. Qe4+ Kf7 41. Qh7 Qg6 42. Qxg7+ Qxg7 43. Bxg7 Kxg7 44. Re7+ Kf6 45. Rxb7 Ke5 46. Rb4 Rc2 47. a5 Rf2 48. a6 Rxf3 49. a7 1-0


[Site "https://www.chess.com"]

[Event "Titled Tuesday Blitz December 13 Late 2022"]
[White "Rosen, Eric"]
[Black "Kazakouski, Valery"]
[WhiteFideId "2032562"]
[BlackFideId "13507443"]
[WhiteElo "2362"]
[BlackElo "2516"]
[Result "1-0"]
[Round "07"]
[TimeControl "180+1"]
[Date "2022.12.13"]
[WhiteClock "0:00:05"]
[BlackClock "0:00:01"]

1. d4 Nf6 2. Bf4 e6 3. e3 c5 4. Nf3 cxd4 5. exd4 b6 6. Nbd2 Be7 7. h3 O-O 8. Bd3 Ba6 9. Bxa6 Nxa6 10. O-O d6 11. c3 h6 12. Re1 Nc7 13. a4 Qd7 14. Bg3 Qc6 15. Qb3 Rfc8 16. Re2 a6 17. Bh4 b5 18. axb5 axb5 19. Rae1 Ncd5 20. Ne4 Nxe4 21. Rxe4 Bf8 22. Nd2 Nb6 23. Rg4 Qd5 24. Qd1 b4 25. cxb4 Nc4 26. Ne4 Qf5 27. Qe2 Rab8 28. b3 Na3 29. Nf6+ Kh8 30. Nd7 Nc2 31. Rd1 Rxb4 32. Nxf8 Rxf8 33. Be7 Re8 34. Bxd6 Rxb3 35. Rf4 Qg6 36. Rg4 Qh7 37. Be5 f6 38. Qc4 Ra3 39. Qc6 Raa8 40. Bd6 Rac8 41. Qb7 Rcd8 42. Bc5 e5 43. d5 h5 44. Rc4 Nd4 45. Bxd4 exd4 46. Rcxd4 Rd6 47. Qf7 Red8 48. Re1 Qh6 49. Re7 Qc1+ 50. Kh2 Qh6 51. Re8+ Rxe8 52. Qxe8+ Kh7 53. Qe4+ Qg6 54. Qxg6+ Kxg6 55. g4 hxg4 56. hxg4 Kf7 57. Kg3 Ke7 58. Kf4 g6 59. g5 fxg5+ 60. Kxg5 Kf7 61. f3 Kg7 62. Rd3 Kf7 63. Rd2 Kg7 64. Rd4 Kf7 65. Rd1 Kg7 66. Kf4 Kf6 67. Ke4 Rd8 68. Ra1 Re8+ 69. Kd4 Re2 70. Ra6+ Kf5 71. Ra8 Kf4 72. Rf8+ Kg3 73. d6 Rd2+ 74. Ke5 g5 75. Ke6 Re2+ 76. Kd7 Rd2 77. Kc7 Rc2+ 78. Kd8 Rd2 79. d7 Rd1 80. Rf5 1-0


[Site "https://www.chess.com"]

[Event "Titled Tuesday Blitz December 13 Late 2022"]
[White "Rustemov, Alexander"]
[Black "Fernandez De La Vara, Arnaldo"]
[WhiteFideId "4119002"]
[BlackFideId "3518388"]
[WhiteElo "2772"]
[BlackElo "2387"]
[Result "1-0"]
[Round "07"]
[TimeControl "180+1"]
[Date "2022.12.13"]
[WhiteClock "0:00:44"]
[BlackClock "0:00:02"]

1. d4 c5 2. d5 Nf6 3. c4 b5 4. cxb5 a6 5. e3 g6 6. Nc3 Bg7 7. a4 O-O 8. Nf3 e6 9. e4 Bb7 10. Bc4 exd5 11. exd5 Re8+ 12. Be3 Ng4 13. O-O Nxe3 14. fxe3 d6 15. e4 Nd7 16. Qd3 Qa5 17. Kh1 Re7 18. h3 axb5 19. Bxb5 Nf6 20. Nd2 Qb4 21. Nc4 Rd8 22. a5 Nxe4 23. Nxe4 Qxb5 24. Nf6+ Kh8 25. b3 Ba6 26. Qg3 Qb8 27. Nxh7 Bxc4 28. bxc4 Bxa1 29. Qh4 f6 30. Nxf6+ Kg7 31. Qh7+ Kf8 32. Qg8# 1-0


[Site "https://www.chess.com"]

[Event "Titled Tuesday Blitz December 13 Late 2022"]
[White "Sanchez, Robert"]
[Black "Joubert, Dantelle"]
[WhiteFideId "2034360"]
[BlackFideId "14310813"]
[WhiteElo "2353"]
[BlackElo "1507"]
[Result "1-0"]
[Round "07"]
[TimeControl "180+1"]
[Date "2022.12.14"]
[WhiteClock "0:00:22"]
[BlackClock "0:00:02"]

1. e4 e5 2. Nf3 Nc6 3. Bb5 Nf6 4. d3 Bc5 5. Nc3 O-O 6. a3 d5 7. Bg5 dxe4 8. Nxe4 Be7 9. Nxf6+ Bxf6 10. Bxf6 Qxf6 11. Bxc6 Qxc6 12. h3 e4 13. dxe4 Qxe4+ 14. Qe2 Re8 15. Qxe4 Rxe4+ 16. Kd2 Bf5 17. Rhe1 Rd8+ 18. Kc3 Ra4 19. Rad1 Rc8 20. Re7 h6 21. Nd4 Bg6 22. Kb3 Ra6 23. f4 Kf8 24. Rde1 Rb6+ 25. Kc3 c5 26. Nf3 Bf5 27. R7e5 Be6 28. f5 Bd7 29. Rd1 Be8 30. g4 Rf6 31. Rdd5 b6 32. Rd2 Bc6 33. Rf2 Re8 34. Rxe8+ Kxe8 35. Ne5 Bd7 36. h4 Bc8 37. b4 g6 38. fxg6 Rxf2 39. g7 1-0


[Site "https://www.chess.com"]

[Event "Titled Tuesday Blitz December 13 Late 2022"]
[White "Sariego Figueredo, Wilfredo"]
[Black "Fernandez Garcia, Gumersindo"]
[WhiteFideId "3500080"]
[BlackFideId "24516740"]
[WhiteElo "2309"]
[BlackElo "2140"]
[Result "0-1"]
[Round "07"]
[TimeControl "180+1"]
[Date "2022.12.14"]
[WhiteClock "0:01:14"]
[BlackClock "0:00:43"]

1. d4 Nf6 2. Bf4 c5 3. d5 g6 4. c4 Bg7 5. Nc3 O-O 6. e4 d6 7. Be2 a6 8. h3 b5 9. cxb5 axb5 10. Bxb5 Ba6 11. Bxa6 Nxa6 12. Nf3 Qa5 13. O-O Rfb8 14. Qd2 Nd7 15. Rfb1 Rb7 16. Bh6 Bh8 17. a3 Rab8 18. Qc1 Bxc3 19. bxc3 Rxb1 20. Rxb1 Rxb1 21. Qxb1 Qb6 22. Qc1 f6 23. c4 Qb3 24. Bf4 Nb6 25. Nd2 Qa2 26. Qc3 Nb8 27. Qa5 N8d7 28. Qa6 Kf7 29. Qa5 Nxc4 30. Nxc4 Qxc4 31. Qa7 Ne5 32. Bxe5 fxe5 33. f3 Qc1+ 34. Kh2 Qf4+ 35. Kh1 c4 36. Qd7 Qg5 37. Qe6+ Kg7 38. Qc8 Qc1+ 39. Kh2 c3 40. Qe6 Qf4+ 41. Kh1 c2 42. Qxe7+ Kh6 43. g3 c1=Q+ 44. Kg2 Qfd2# 0-1


[Site "https://www.chess.com"]

[Event "Titled Tuesday Blitz December 13 Late 2022"]
[White "Shapiro, Daniel"]
[Black "Adel, Sara"]
[WhiteFideId "2001780"]
[BlackFideId "10616764"]
[WhiteElo "2362"]
[BlackElo "1997"]
[Result "0-1"]
[Round "07"]
[TimeControl "180+1"]
[Date "2022.12.14"]
[WhiteClock "0:00:26"]
[BlackClock "0:00:10"]

1. d4 Nf6 2. c4 g6 3. Nc3 d6 4. e4 Bg7 5. Be2 Nc6 6. Nf3 e5 7. d5 Ne7 8. O-O O-O 9. a4 a5 10. b3 Ne8 11. Ne1 f5 12. f3 f4 13. Nd3 g5 14. c5 h5 15. Ba3 Ng6 16. h3 Rf7 17. Nf2 Nh4 18. Rc1 Bf8 19. Nb5 Rg7 20. Rc3 g4 21. fxg4 Qg5 22. Qc1 hxg4 23. Bxg4 Nf6 24. g3 Bxg4 25. gxh4 Qxh4 26. Kh2 Be2 27. Rg1 Qxf2+ 28. Kh1 Bf3+ 29. Rxf3 Qxf3+ 30. Kh2 Qf2+ 31. Kh1 Nxe4 32. cxd6 Ng3+ 33. Rxg3 Rxg3 0-1


[Site "https://www.chess.com"]